 Dungeon Crawl Stone Soup version 0.18-b1-2-gd0c887e (webtiles) character file.

6293 shmeve the Cleaver (level 10, -11/92 HPs)
             Began as a Minotaur Berserker on Apr 28, 2016.
             Was a High Priest of Trog.
             Killed from afar by Harold (17 damage)
             ... with a bolt of fire
             ... on level 10 of the Dungeon.
             The game lasted 00:31:16 (8209 turns).

shmeve the Cleaver (Minotaur Berserker)             Turns: 8209, Time: 00:31:16

Health: -11/92     AC: 16    Str: 24    XL:     10   Next: 63%
Magic:  9/9        EV:  4    Int:  5    God:    Trog [*****.]
Gold:   349        SH:  0    Dex: 10    Spells: 0 memorised, 9 levels left

rFire  . . .     SeeInvis .     u - +1 war axe
rCold  . . .     Gourm    .     I - +0 plate armour
rNeg   . . .     Faith    .     N - +0 shield (curse)
rPois  .         Spirit   .     g - +0 hat
rElec  .         Dismiss  .     r - +1 cloak
rCorr  .         Reflect  .     t - +0 pair of gloves
SustAt +         Harm     .     (no boots)
MR     ++...                    (no amulet)
Stlth  ..........               (no ring)
                                b - ring of sustain attributes

@: exhausted, held, regenerating, slowed, drained, very slow, very resistant to
hostile enchantments, extremely unstealthy
A: retaliatory headbutt, horns 2
a: Berserk, Trog's Hand, Brothers in Arms, Burn Spellbooks, Renounce Religion


You were on level 10 of the Dungeon.
You worshipped Trog.
Trog was extremely pleased with you.
You were near starving.

You visited 2 branches of the dungeon, and saw 11 of its levels.
You also visited: Sewer.

You collected 539 gold pieces.
You spent 190 gold pieces at shops.

Inventory:

Hand Weapons
 u - a +1 war axe (weapon)
Missiles
 a - 3 javelins
 p - 4 poisoned javelins (quivered)
 J - 3 javelins of penetration
Armour
 g - a +0 hat (worn)
 r - a +1 cloak (worn)
 t - a +0 pair of gloves (worn)
 I - a +0 plate armour (worn)
 N - a cursed +0 shield (worn)
Jewellery
 b - a ring of sustain attributes (left hand)
Wands
 L - a wand of flame (8/48)
Scrolls
 d - 2 scrolls of fog
 e - 2 scrolls of fear
 i - 2 scrolls of magic mapping
 l - 4 scrolls of enchant weapon
 n - a scroll of recharging {unknown}
 o - 4 scrolls of identify
 v - a scroll of acquirement {unknown}
 y - a scroll of noise {unknown}
 A - 2 scrolls of teleportation
 D - 2 scrolls of remove curse {unknown}
 E - a scroll of immolation {unknown}
 F - a scroll of random uselessness {unknown}
 K - a scroll of blinking {unknown}
Potions
 f - 2 potions of brilliance {unknown}
 h - 5 potions of curing
 j - 3 potions of heal wounds
 q - 5 potions of flight {unknown}
 s - a potion of berserk rage {unknown}
 w - a potion of magic {unknown}
 x - a potion of haste {unknown}
 z - a potion of might {unknown}
 B - a potion of cancellation {unknown}
 C - a potion of mutation {unknown}
 H - a potion of agility {unknown}
Books
 G - a book of Death

   Spells                             Type                      Level
   a - Corpse Rot                     Necromancy                   2
   b - Sublimation of Blood           Necromancy                   2
   c - Agony                          Necromancy                   5
   d - Dispel Undead                  Necromancy                   5
   e - Excruciating Wounds            Charms/Necromancy            5
   f - Bolt of Draining               Conjuration/Necromancy       5
   Trog disapproves of the use of such an item.
Comestibles
 c - 9 bread rations
 m - 4 fruits


   Skills:
 * Level 9.7(9.1) Fighting
 * Level 9.8(9.2) Axes
 + Level 5.2(4.6) Throwing
 + Level 6.6(6.0) Armour
 + Level 6.3(5.7) Dodging
 * Level 9.4(8.7) Shields


You had 9 spell levels left.
You didn't know any spells.

Dungeon Overview and Level Annotations

Branches:
Dungeon (10/15)            Temple (1/1) D:4
   Lair: D:8-11         Orc: D:9-12

Altars:
Ashenzari
Cheibriados
Dithmenos
Elyvilon
Fedhas
Gozag
Makhleb
Nemelex Xobeh
Okawaru
Pakellas
Qazlal
Ru
Sif Muna
Trog
Vehumet
Zin

Shops:
D:6 (*[=[   D:8 =

Annotations:
D:10 Harold


Innate Abilities, Weirdness & Mutations

You reflexively headbutt those who attack you in melee.
You have a pair of horns on your head.


Message History

Harold gestures at you while chanting. The bolt of fire hits you!
* * * LOW HITPOINT WARNING * * *
Items here: ))) [ an enchanted flail; a robe; a giant club; a dire flail Your ogre goes berserk!
You feel somewhat more hungry. Harold shouts, "Can you die now?
I had plans for the rest of the day!"
Harold throws a throwing net.
The throwing net closely misses you.
The throwing net completely misses the wight.
The wight hits you with a mace.
* * * LOW HITPOINT WARNING * * *
You feel drained. The wight hits you with a dagger.
* * * LOW HITPOINT WARNING * * *
You feel drained.
Harold throws a throwing net.
The throwing net hits you.
You become entangled in the net!
You struggle against the net.
The wight hits you but does no damage. x2
Harold casts a spell at you. The bolt of fire hits you!
You die...

... #... .
#..######.#
♣..#...!@
♣%.#$...
♣..#..# #
♣zz#..###...
♣.z@O.......
♣#.$)...#..
#<#..#..[..
#.#........
#..........
####.......
######.


You could see Harold, 3 wights and a friendly ogre (berserk).

Vanquished Creatures
  Snorg (D:10)
  Erolcha (D:8)
  A tengu warrior (D:9)
  The ghost of Renzlar the Chopper, a novice FoFi of Yredelemnul (D:5)
  A deep elf mage (D:9)
  A two-headed ogre (D:10)
  A hungry ghost (D:7)
  Grum (D:10)
  An orc warrior (D:8)
  A wasp (D:8)
  2 wolves (D:10)
  2 ice beasts (D:8)
  2 ogres
  5 centaurs
  2 giant frogs
  3 scorpions
  4 wights
  A howler monkey (D:4)
  3 crimson imps
  A giant frog zombie (D:7)
  3 centaur zombies
  2 orc priests
  A gnoll shaman (D:5)
  4 hounds
  2 iguanas
  A giant frog skeleton (D:7)
  7 orc wizards
  5 worker ants
  A hound zombie (D:9)
  2 hound skeletons
  A worker ant zombie (D:9)
  16 adders
  9 gnolls
  A river rat (D:6)
  A howler monkey skeleton (D:9)
  A shadow imp (D:7)
  2 oozes (Sewer)
  4 worms
  2 dart slugs (D:3)
  6 giant geckos
  21 orcs
  5 ball pythons
  5 bats
  9 giant cockroaches
  10 goblins
  8 hobgoblins
  5 jackals
  8 quokkas
  A giant gecko skeleton (D:6)
  A giant gecko zombie (D:5)
  7 giant newts
  23 kobolds
  9 rats
218 creatures vanquished.

Notes
Turn   | Place    | Note
--------------------------------------------------------------
     0 | D:1      | shmeve the Minotaur Berserker began the quest for the Orb.
     0 | D:1      | Reached XP level 1. HP: 19/19 MP: 0/0
   137 | D:1      | Reached XP level 2. HP: 22/27 MP: 1/1
   712 | D:1      | Reached ** piety under Trog
   893 | D:2      | Reached XP level 3. HP: 33/33 MP: 2/2
  1080 | D:2      | Found an iron altar of Okawaru.
  1514 | D:2      | Reached XP level 4. HP: 41/41 MP: 3/3
  1609 | D:2      | You fall through a shaft!
  1618 | D:3      | Reached skill level 1 in Throwing
  1699 | D:3      | Reached *** piety under Trog
  1702 | D:3      | Reached XP level 5. HP: 47/47 MP: 4/4
  2166 | D:3      | Found an oddly glowing altar of Pakellas.
  2180 | D:3      | Found a blossoming altar of Fedhas.
  2183 | D:3      | Found a glowing silver altar of Zin.
  2226 | D:3      | Received a gift from Trog
  2336 | D:3      | Reached skill level 5 in Axes
  2464 | D:3      | Reached skill level 5 in Fighting
  2752 | D:4      | Found a staircase to the Ecumenical Temple.
  2769 | D:4      | Noticed an ogre
  2776 | D:4      | Killed an ogre
  2776 | D:4      | Reached XP level 6. HP: 26/56 MP: 5/5
  3549 | Temple   | Entered the Ecumenical Temple
  3622 | D:5      | Entered Level 5 of the Dungeon
  3631 | D:5      | Reached XP level 7. HP: 55/63 MP: 6/6
  3941 | D:5      | Noticed Renzlar's ghost (novice FoFi)
  3955 | D:5      | Killed Renzlar's ghost
  3955 | D:5      | Reached XP level 8. HP: 73/73 MP: 7/7
  4019 | D:5      | Found a shadowy altar of Dithmenos.
  4186 | D:5      | Reached **** piety under Trog
  4258 | D:5      | Got a blackened ring mail
  4269 | D:5      | Identified the +1 ring mail of the Five Realms {rPois rN++ MP+9} (You found it on level 5 of the Dungeon)
  4428 | D:5      | Reached skill level 5 in Armour
  4724 | D:6      | Found Wegidol's Antique Armour Shoppe.
  4727 | D:6      | Bought a hat for 64 gold pieces
  4727 | D:6      | Bought a buckler for 72 gold pieces
  4773 | D:6      | Reached skill level 1 in Shields
  4786 | D:6      | Found Elosmy's General Store.
  4790 | D:6      | Found Jusoppou's Jewellery Shoppe.
  4797 | D:6      | Found Esathaf's Armour Shop.
  4806 | D:6      | Bought a +0 pair of gloves for 54 gold pieces
  4886 | D:6      | Found Oqom Ost's Weapon Emporium.
  4953 | D:6      | Found a glowing drain.
  4970 | Sewer    | Entered a sewer
  5611 | D:7      | Reached skill level 5 in Shields
  5760 | D:7      | Reached XP level 9. HP: 76/79 MP: 8/8
  6252 | D:8      | Noticed Erolcha
  6259 | D:8      | Killed Erolcha
  6259 | D:8      | Reached skill level 5 in Dodging
  6521 | D:8      | Found Ilighie's Jewellery Emporium.
  6789 | D:9      | Noticed a tengu warrior
  6809 | D:9      | Killed a tengu warrior
  6809 | D:9      | Reached XP level 10. HP: 53/90 MP: 9/9
  7102 | D:9      | Reached ***** piety under Trog
  7143 | D:9      | Received a gift from Trog
  7510 | D:9      | Found a burning altar of Makhleb.
  7514 | D:9      | Found a sacrificial altar of Ru.
  7514 | D:9      | Found a stormy altar of Qazlal.
  7525 | D:9      | Found a sparkling altar of Nemelex Xobeh.
  7529 | D:9      | Found a snail-covered altar of Cheibriados.
  8135 | D:9      | Noticed a deep elf mage
  8153 | D:9      | Killed a deep elf mage
  8176 | D:10     | Entered Level 10 of the Dungeon
  8176 | D:10     | Noticed Grum
  8176 | D:10     | Noticed Snorg
  8190 | D:10     | Killed Snorg
  8190 | D:10     | Reached skill level 5 in Throwing
  8195 | D:10     | Killed Grum
  8207 | D:10     | Noticed Harold
  8208 | D:10     | HP: 4/92 [wight/dagger (5)]
  8209 | D:10     | Killed from afar by Harold

Skill      XL: |  1  2  3  4  5  6  7  8  9 10 |
---------------+-------------------------------+-----
Axes           | 4 5 7 8 9 |  9.8
Fighting       | 4 5 6 7 8 9 |  9.7
Armour         | 3 4 5 6 |  6.6
Throwing       | 1 2 3 4 5 |  5.2
Dodging        | 3 4 5 6 |  6.3
Shields        | 6 8 9 |  9.4

Action                   |  1- 3 |  4- 6 |  7- 9 | 10-12 || total
-------------------------+-------+-------+-------+-------++-------
Melee: Hand axe          |    98 |    66 |       |       ||   164
       Headbutt          |    15 |    24 |    42 |    27 ||   108
       War axe           |       |    52 |   261 |   116 ||   429
Throw: Javelin           |       |     3 |     4 |     5 ||    12
Invok: Burn Spellbooks   |       |     1 |       |     1 ||     2
       Berserk           |       |       |     3 |     1 ||     4
       Trog's Hand       |       |       |     2 |     1 ||     3
       Brothers in Arms  |       |       |       |     1 ||     1
  Use: Scroll            |       |    12 |       |       ||    12
  Eat: Chunk             |     2 |     6 |    12 |     6 ||    26
       Meat ration       |       |       |     3 |       ||     3
       Pizza             |       |       |     1 |       ||     1
       Fruit             |       |       |     1 |       ||     1
Armor: Animal skin       |     3 |       |       |       ||     3
       Scale mail        |    43 |    45 |       |       ||    88
       Chain mail        |       |    18 |   140 |       ||   158
       Plate armour      |       |       |    17 |    58 ||    75
Dodge: Dodged            |    61 |    84 |   137 |    56 ||   338
Block: Buckler           |       |       |    13 |    21 ||    34
       Shield            |       |       |       |    37 ||    37
